 Dungeon Crawl Stone Soup version 0.30-a0-840-ga523dec638 (webtiles) character file.

Game seed: 2967747461053523608

597 zenocrate the Ruffian (level 7, 0/66 HPs)
             Began as a Troll Fighter on Mar 1, 2023.
             Was an Initiate of the Shining One.
             Slain by a gnoll
             ... wielding a +0 spear
             ... led by a gnoll bouda
              (6 damage)
             ... on level 5 of the Dungeon.
             The game lasted 00:02:47 (3889 turns).

zenocrate the Ruffian (Troll Fighter)               Turns: 3889, Time: 00:02:48

Health: 0/66       AC:  6    Str: 27    XL:     7   Next: 17%
Magic:  6/6        EV:  8    Int:  4    God:    the Shining One [......]
Gold:   217        SH:  8    Dex:  9    Spells: 6/6 levels left

rFire   . . .      SeeInvis .      - Unarmed
rCold   . . .      Faith    .    b - +0 kite shield
rNeg    . . .      Spirit   .    a - +0 robe
rPois   .          Reflect  .    (helmet restricted)
rElec   .          Harm     .    r - +1 cloak
rCorr   .          Rampage  .    (gloves unavailable)
Will    .....                    (boots unavailable)
Stlth   +                        (no amulet)
HPRegen 1.11/turn                (no ring)
MPRegen 0.10/turn                (no ring)

@: mighty, weakened, glowing
A: large, unfitting armour, claws 3, regeneration 1, shaggy fur 1, tough skin 1
a: Renounce Religion


You were on level 5 of the Dungeon.
You worshipped the Shining One.
The Shining One was noncommittal.
You visited 2 branches of the dungeon, and saw 6 of its levels.

You collected 217 gold pieces.

Inventory:

Hand Weapons
 s - the +8 whip of Amorality {freeze, rPois}
   (You found it on level 4 of the Dungeon)

   rPois:     It protects you from poison.
Missiles
 h - 4 curare-tipped darts (quivered)
 w - 2 javelins
Armour
 a - a +0 robe (worn)
 b - a +0 kite shield (worn)
 r - a +1 cloak (worn)
Jewellery
 u - a +4 ring of slaying
Wands
 q - a wand of flame (22)
 x - a wand of digging (2)
Scrolls
 f - 2 scrolls of enchant armour {unknown}
 i - a scroll of poison {unknown}
 m - 2 scrolls of immolation
 n - a scroll of enchant weapon {unknown}
 p - a scroll of vulnerability {unknown}
 v - a scroll of fear {unknown}
Potions
 d - a potion of ambrosia
 e - a potion of curing
 g - 2 potions of invisibility
 j - 3 potions of berserk rage
 k - a potion of flight
 l - 2 potions of attraction {unknown}
 o - a potion of brilliance {unknown}
 t - a potion of lignification {unknown}


   Skills:
 - Level 2.4 Fighting
 - Level 2.4 Dodging
 + Level 5.6 Shields
 + Level 5.7 Unarmed Combat


You had 6 spell levels left.
You didn't know any spells.
Your spell library was empty.

Dungeon Overview and Level Annotations

Branches:
Dungeon (5/15)             Temple (1/1) D:4

Altars:
Ashenzari
Cheibriados
Dithmenos
Fedhas
Gozag
Kikubaaqudgha
Okawaru
Ru
Uskayaw
Wu Jian
The Shining One

Annotations:
D:4 2 transporters


Innate Abilities, Weirdness & Mutations

You are too large for most types of armour.
You have claws for hands.
Your natural rate of healing is unusually fast.
You are covered in fur. (AC +1)
You have tough skin. (AC +1)


Message History

You block the gnoll's attack. x2
The gnoll bouda gazes fiercely through you!
You feel as though you will be weak longer.
The gnoll bouda hits you with a +0 whip!
The gnoll hits you with a +0 spear. You block the gnoll's attack.
You are too injured to fight recklessly!
You scratch the gnoll.
The gnoll is heavily wounded.
The gnoll closely misses you. You block the gnoll's attack.
The gnoll bouda hits you with a +0 whip.
The gnoll hits you from afar with a +0 spear.
* * * LOW HITPOINT WARNING * * *
You block the gnoll's attack.
You feel very mighty all of a sudden. You block the gnoll's attack.
The gnoll hits you with a +0 spear.
* * * LOW HITPOINT WARNING * * *
The gnoll bouda gazes fiercely through you!
You feel as though you will be weak longer.
The gnoll bouda hits you but does no damage.
You block the gnoll's attack. The gnoll barely misses you.
You claw the gnoll!
You kill the gnoll!
The gnoll is no longer moving quickly.
The gnoll hits you but does no damage. x2
The gnoll hits you from afar with a +0 spear.
* * * LOW HITPOINT WARNING * * *
The gnoll bouda barks out a call to the hunt!
The gnolls pick up the pace!
You completely miss the gnoll bouda.
An adder comes into view.
You block the gnoll's attack. You block the gnoll bouda's attack.
You block the gnoll's attack. The gnoll barely misses you.
The adder moves out of view.
You scratch the gnoll bouda.
The gnoll bouda is moderately wounded.
The gnoll hits you with a +0 spear.
* * * LOW HITPOINT WARNING * * *
The gnoll bouda hits you with a +0 whip!
* * * LOW HITPOINT WARNING * * *
The gnoll hits you with a +0 spear.
You die...

........#
........#
##........
#.......5.
##.........
##...# .
#g...#..#
#ggo$..#
##@g#...#
#)†####.#
#)..# .+
##......#
#......#
#......+
.......#
.......#
.......+


You could see a gnoll bouda, 3 gnolls and an orc.

Vanquished Creatures
  The ghost of TheSexyCheese the Shield-Bearer, an amateur TrFi (D:4)
  An ogre (D:4)
  A centaur (D:4)
  A scorpion (D:4)
  A jelly (D:4)
  Crazy Yiuf (D:3)
  2 orc priests (D:4)
  Jessica (D:2)
  2 gnolls (D:5)
  4 adders
  A white imp (D:5)
  An ufetubus (D:4)
  A dart slug (D:2)
  8 orcs
  2 endoplasms
  2 giant cockroaches (D:2)
  7 goblins
  3 hobgoblins (D:3)
  10 jackals
  3 quokkas
  5 ball pythons
  3 bats
  2 frilled lizards (D:1)
  4 kobolds
  4 rats
71 creatures vanquished.

Notes
Turn   | Place    | Note
-------+----------+-------------------------------------------
     0 | D:1      | zenocrate the Troll Fighter began the quest for the Orb.
     0 | D:1      | Reached XP level 1. HP: 22/22 MP: 0/0
   174 | D:1      | Reached XP level 2. HP: 26/29 MP: 1/1
   499 | D:1      | Found a faded altar of an unknown god.
  1207 | D:2      | Reached XP level 3. HP: 36/36 MP: 2/2
  1377 | D:2      | Noticed Jessica
  1381 | D:2      | Killed Jessica
  1658 | D:3      | Reached XP level 4. HP: 44/44 MP: 3/3
  1672 | D:3      | Found Qongez's Jewellery Emporium.
  1962 | D:3      | Found a runed translucent door.
  1963 | D:3      | Noticed Crazy Yiuf
  2024 | D:3      | Killed Crazy Yiuf
  2477 | D:4      | Found an ornate altar of the Wu Jian Council.
  2495 | D:4      | Found a large runed translucent door.
  2495 | D:4      | Found a large runed translucent door.
  2497 | D:4      | Noticed TheSexyCheese's ghost (amateur TrFi)
  2551 | D:4      | Noticed a scorpion
  2559 | D:4      | Killed a scorpion
  2560 | D:4      | Reached XP level 5. HP: 42/50 MP: 4/4
  2617 | D:4      | Found a staircase to the Ecumenical Temple.
  2643 | Temple   | Entered the Ecumenical Temple
  3084 | Temple   | Became a worshipper of the Shining One
  3141 | D:4      | Found a transporter.
  3310 | D:4      | Identified the +8 whip of Amorality {freeze, rPois}
  3344 | D:4      | Noticed a centaur
  3358 | D:4      | Killed a centaur
  3359 | D:4      | Reached XP level 6. HP: 48/59 MP: 5/5
  3384 | D:4      | Reached skill level 5 in Shields
  3384 | D:4      | Reached skill level 5 in Unarmed Combat
  3458 | D:4      | Found a transporter.
  3704 | D:4      | Noticed an ice beast
  3704 | D:4      | Noticed an ice beast
  3704 | D:4      | Noticed an ice beast
  3768 | D:4      | Killed TheSexyCheese's ghost
  3769 | D:4      | Reached XP level 7. HP: 22/66 MP: 6/6
  3864 | D:5      | Entered Level 5 of the Dungeon
  3889 | D:5      | Slain by a gnoll

Illustrated notes

Levels and vault maps discovered:
D:1:      dpeg_arrival_signposts, layout_basic, ebering_ecumenical_altar_ruins,
          chequers_serial_rivers_large_b
D:2:      layout_rooms, grunt_decor_resistance, uniq_jessica
D:3:      layout_basic, serial_shops, shop, uniq_crazy_yiuf_cottage
D:4:      gammafunk_cloud_chamber, layout_cave_pods,
          mainiacjoe_overflow_alcove_2, minmay_temple_entry_drinking_statues,
          ebering_ghost_disaster_area
D:5:      layout_cave_pools, general_overflow_altar,
          mainiacjoe_overflow_24_doors, uniq_grinder
Temple:   jpeg_temple_alley_garden

Skill      XL: |  1  2  3  4  5  6 |
---------------+-------------------+-----
Shields        | 3 4 5 |  5.6
Unarmed Combat | 3 4 5 |  5.7
Fighting       | |  2.4
Dodging        | |  2.4

Action                     |  1- 3 |  4- 6 |  7- 9 || total
---------------------------+-------+-------+-------++-------
  Melee: Unarmed           |   102 |   130 |    17 ||   249
    Use: Scroll            |     3 |     2 |     1 ||     6
         Potion            |       |       |     1 ||     1
 Armour: Robe              |    31 |    40 |     9 ||    80
  Dodge: Dodged            |    42 |    39 |    12 ||    93
  Block: Kite shield       |    41 |    53 |    24 ||   118

Table legend: (Time is in decaauts)
 A = Elapsed time spent in this place.
 B = Non-inter-level travel time spent in this place.
 C = Inter-level travel time spent in this place.
 D = Time resting spent in this place.
 E = Time spent auto-exploring this place.
 F = Levels seen in this place.
 G = Mean time per level.
                   A        B        C        D        E       F      G
               +--------+--------+--------+--------+--------+-----+--------+
         Total |   3907 |   3448 |    459 |      0 |   2864 |   6 |  651.2 |
       Dungeon |   3586 |   3263 |    323 |      0 |   2688 |   5 |  717.2 |
        Temple |    321 |    186 |    135 |      0 |    176 |   1 |  321.0 |
               +--------+--------+--------+--------+--------+-----+--------+

Top non-repeatable levels by time:
     D:1: 1057 daAuts
     D:4: 995 daAuts
     D:3: 862 daAuts
     D:2: 645 daAuts
  Temple: 321 daAuts
     D:5: 24 daAuts
